Map: 凯罗斯中转站-天梯版

Players

Demi - Winner!

  • Race: Zerg Zerg
  • League: Diamond

MeomaikA

  • Race: Zerg Zerg
  • League: Bronze

Event: WESG 2018 Grand Finals

VOD

Have the link to the VOD?

Description

Time

  • Played on: March 11, 2019, 3:50 a.m.
  • Length: 10:35

All games in this series

Show
View Real Time Build Order
Export as new Build Order

Demi Zerg - Winner!

Build Orders: Pool First 

Get SALT Encoding   

  12  0:16  Spawning Pool  
  11  0:22  Drone  
  11  0:27  Drone  
  13  0:31  Drone  
  14  0:41  Overlord  
  14  1:03  Zergling x4  
  16  1:05  Zergling x2  
  17  1:16  Zergling x2  
  18  1:19  Hatchery  
  17  1:26  Zergling x2  
  18  1:33  Queen  
  18  1:38  Drone  
  21  1:48  Overlord  
  21  1:58  Drone  
  22  2:09  Drone  
  22  2:11  Queen  
  25  2:25  Drone  
  25  2:34  Drone x2  
  24  2:37  Queen  
  24  2:43  Zergling x2  
  26  2:45  Drone x2  
  26  2:47  Overlord  
  28  2:51  Queen  
  28  2:55  Drone  
  28  2:57  Drone  
  32  3:00  Drone  
  33  3:07  Drone x2  
  33  3:12  Extractor  
  34  3:14  Drone  
  34  3:15  Extractor  
  34  3:19  Overlord  
  34  3:20  Drone x2  
  34  3:23  Drone  
  37  3:28  Drone x2  
  37  3:31  Drone x2  
  37  3:33  Drone  
  42  3:40  Drone  
  43  3:43  Drone  
  43  3:44  Evolution Chamber  
  43  3:46  Drone x2  
  45  3:51  Overlord  
  45  3:53  Drone  
  46  4:00  Lair  
  46  4:06  Roach Warren  
  45  4:10  Drone  
  45  4:11  Drone x2, Extractor  
  45  4:12  Drone  
  48  4:17  Drone x2  
  48  4:21  Zerg Missile Weapons Level 1  
  50  4:25  Drone x2  
  52  4:36  Drone  
  52  4:37  Overlord  
  53  4:41  Hatchery  
  52  4:45  Overlord  
  52  4:51  Roach x3  
  58  4:57  Overseer, Glial Reconstitution  
  62  5:09  Roach  
  62  5:10  Roach  
  62  5:12  Roach x3  
  69  5:17  Overlord  
  69  5:18  Overlord  
  67  5:22  Roach Warren  
  67  5:24  Roach x2  
  67  5:26  Roach  
  72  5:32  Roach x2  
  76  5:42  Roach  
  76  5:43  Roach x4  
  76  5:48  Roach x2  
  74  5:51  Roach  
  74  5:55  Roach x2  
  73  6:01  Queen  
  68  6:05  Roach  
  65  6:11  Drone x2  
  65  6:12  Drone  
  68  6:19  Zerg Missile Weapons Level 2  
  68  6:20  Drone  
  68  6:21  Drone  
  70  6:27  Queen  
  70  6:28  Drone  
  70  6:30  Drone  
  70  6:32  Drone  
  75  6:33  Drone  
  76  6:46  Drone x3  
  77  6:47  Queen  
  77  6:54  Overlord  
  79  6:56  Drone x2  
  79  6:58  Roach x2  
  79  6:59  Roach x2  
  79  7:00  Overseer  
  89  7:08  Roach  
  91  7:11  Overlord  
  91  7:16  Roach  
  91  7:21  Overlord  
  91  7:22  Overlord  
  93  7:23  Roach x3  
  93  7:24  Roach  
  93  7:28  Spore Crawler  
  100  7:31  Spore Crawler x2  
  100  7:33  Overlord  
  100  7:36  Roach x2  
  102  7:41  Pneumatized Carapace  
  102  7:43  Roach x3  
  108  7:50  Overlord  
  109  7:51  Ravager x2  
  109  7:57  Drone  
  113  7:58  Roach  
  113  7:59  Roach x4  
  113  8:01  Overlord  
  121  8:07  Overlord  
  121  8:11  Drone x2  
  123  8:13  Drone x2  
  123  8:15  Overlord, Extractor  
  124  8:20  Ravager  
  124  8:21  Roach  
  124  8:22  Roach x3  
  124  8:26  Roach x2  
  137  8:36  Roach  
  137  8:37  Roach x5  
  149  8:46  Extractor  
  149  8:47  Drone x4  
  152  8:59  Overlord  
  152  9:00  Overlord x2  
  152  9:01  Drone x3, Extractor  
  152  9:02  Drone  
  155  9:15  Roach x3  
  155  9:16  Overlord x4  
  155  9:17  Overlord  
  159  9:30  Roach  
  159  9:31  Roach x3  
  167  9:32  Roach  
  169  9:41  Roach x4  
  177  9:48  Ravager  
  174  9:54  Roach  
  174  9:55  Roach x6  
  176  10:06  Roach  
  160  10:08  Roach  
  160  10:09  Roach x5  
Show
View Real Time Build Order
Export as new Build Order

MeomaikA Zerg 

Build Orders: Pool First 

Get SALT Encoding   

  12  0:00  Drone  
  13  0:08  Drone  
  14  0:16  Overlord  
  14  0:23  Drone, Extractor  
  15  0:35  Drone x2  
  17  0:44  Spawning Pool  
  17  0:48  Drone  
  17  0:55  Drone  
  18  1:12  Hatchery  
  18  1:14  Extractor  
  18  1:15  Drone  
  17  1:30  Queen  
  17  1:31  Drone  
  17  1:32  Drone  
  21  1:37  Zergling x2  
  22  1:43  Spine Crawler  
  21  1:48  Zergling x2  
  22  1:58  Extractor  
  22  1:59  Zergling x2  
  23  2:27  Drone x3  
  26  2:32  Drone  
  26  2:35  Drone  
  27  2:41  Overlord, Drone  
  28  2:46  Overlord  
  28  2:52  Evolution Chamber, Drone  
  28  2:58  Roach Warren  
  28  3:01  Drone  
  28  3:03  Drone  
  28  3:10  Queen  
  30  3:16  Drone  
  30  3:17  Drone  
  32  3:20  Zerg Missile Weapons Level 1  
  32  3:27  Drone x2  
  33  3:34  Drone x2  
  33  3:35  Drone, Extractor  
  35  3:42  Evolution Chamber  
  35  3:43  Roach  
  35  3:45  Roach  
  40  3:48  Roach  
  40  3:50  Zergling x2  
  40  3:53  Zergling x2  
  44  3:55  Roach  
  44  3:59  Overlord  
  44  4:05  Overlord  
  44  4:08  Overlord  
  44  4:18  Roach x3  
  44  4:22  Overlord  
  50  4:25  Roach  
  50  4:30  Roach  
  54  4:32  Roach  
  54  4:35  Roach  
  58  4:38  Roach  
  58  4:45  Roach x2  
  64  4:48  Roach  
  64  4:52  Overlord  
  66  5:10  Overlord, Drone x2  
  66  5:11  Lair  
  68  5:15  Drone x3  
  71  5:22  Drone  
  72  5:32  Drone, Hatchery  
  72  5:36  Drone  
  72  5:39  Drone  
  72  5:42  Roach x2  
  75  5:43  Drone  
  75  5:46  Drone x2  
  71  5:53  Zerg Ground Armor Level 1  
  71  5:54  Roach  
  65  5:57  Roach  
  65  5:59  Roach  
  65  6:03  Roach, Extractor  
  64  6:09  Roach  
  60  6:13  Roach  
  60  6:18  Extractor  
  59  6:20  Drone x3  
  59  6:21  Roach x2  
  66  6:30  Drone  
  66  6:31  Drone x2  
  71  6:38  Roach  
  73  6:42  Roach  
  73  6:44  Roach  
  73  6:45  Roach  
  75  6:48  Roach  
  75  6:51  Roach  
  75  6:53  Roach  
  81  6:56  Roach, Glial Reconstitution  
  81  6:57  Roach  
  81  6:59  Drone  
  81  7:00  Overlord  
  84  7:03  Overlord  
  84  7:14  Hatchery  
  83  7:16  Zerg Missile Weapons Level 2  
  83  7:19  Roach  
  83  7:21  Roach  
  87  7:24  Roach  
  87  7:27  Roach  
  93  7:30  Roach  
  93  7:31  Roach  
  93  7:35  Overlord  
  95  7:37  Overlord  
  95  7:43  Roach  
  99  7:44  Roach  
  99  7:49  Extractor  
  98  7:51  Spire  
  98  7:54  Roach  
  99  8:01  Roach x3  
  99  8:04  Roach  
  107  8:06  Roach x2  
  107  8:07  Roach  
  107  8:08  Roach  
  116  8:21  Overlord x2  
  116  8:27  Drone  
  116  8:28  Drone  
  116  8:30  Drone  
  116  8:31  Drone  
  118  8:37  Roach x2  
  118  8:40  Overlord  
  122  8:52  Ravager x5  
  122  8:54  Roach x2  
  122  8:55  Drone x2  
  133  8:56  Extractor  
  133  8:58  Roach  
  133  9:00  Roach  
  138  9:02  Roach  
  138  9:06  Roach  
  138  9:08  Roach  
  142  9:10  Drone  
  142  9:14  Roach  
  142  9:17  Overlord  
  145  9:21  Overlord  
  145  9:24  Overlord  
  145  9:27  Overseer  
  147  9:38  Roach x2  
  147  9:40  Roach x3  
  147  9:41  Roach  
  147  9:43  Ravager x3  
  158  9:47  Roach  
  158  9:48  Roach  
  151  9:54  Roach x2  
  151  9:57  Roach  
  146  10:03  Roach x2  
  146  10:05  Roach  
  132  10:08  Roach  
  132  10:12  Roach  
Tags
 
Add a new tag
Caveats
  • Supply blocks, unpowered buildings, or Contaminate may cause inaccurate times.
  • Supply counts are checked every 10 seconds.